 Dungeon Crawl Stone Soup version 0.23.3 (webtiles) character file.

Game seed: 15274339161303682047

287617 MordorOrchid the Unseen (level 20, -14/156 HPs)
             Began as a Gnoll Conjurer on Mar 31, 2020.
             Was a High Priest of Sif Muna.
             Demolished by a vault warden
             ... wielding a +2 battleaxe of venom
              (34 damage)
             ... on level 4 of the Vaults on Apr 1, 2020.
             The game lasted 05:27:04 (40182 turns).

MordorOrchid the Unseen (Gnoll Conjurer)           Turns: 40182, Time: 05:27:04

Health: -14/156    AC: 22    Str: 11    XL:     20   Next: 67%
Magic:  43/62      EV: 21    Int: 27    God:    Sif Muna [*****.]
Gold:   1174       SH:  0    Dex: 20    Spells: 2/47 levels left

rFire    . . .     SeeInvis .   P - staff of power
rCold    + . .     Gourm    .   (no shield)
rNeg     . . .     Faith    .   i - +3 swamp dragon scales
rPois    +         Spirit   .   V - +2 helmet {Int+3}
rElec    +         Reflect  .   v - +1 cloak
rCorr    .         Harm     .   Q - +0 pair of gloves
MR       ++...                  (no boots)
Stlth    +++++.....             g - amulet of magic regeneration
HPRegen  1.36/turn              p - ring "Noosyam" {rElec rC+ MR+ Dex+2 Stlth-}
MPRegen  0.63/turn              C - ring of magical power

@: about to teleport, regenerating (expiring), slowed, studying Stealth, divine
energy, very slow
A: distributed training, fangs 1, strong nose
}: 2/15 runes: decaying, serpentine
a: Stop Divine Energy, Channel Magic, Forget Spell, Renounce Religion


You were on level 4 of the Vaults.
You worshipped Sif Muna.
Sif Muna was extremely pleased with you.
You were not hungry.

You visited 8 branches of the dungeon, and saw 37 of its levels.
You also visited: Sewer, Ossuary and Gauntlet.

You collected 3727 gold pieces.
You spent 2553 gold pieces at shops.

Inventory:

Hand Weapons
 a - the +10 whip of Ruination {drain, rPois rF+}
   (You found it on level 14 of the Dungeon)

   A truly terrible weapon, it drains the life of those it strikes.
   It protects you from fire.
   It protects you from poison.
 b - a +0 blowgun
 j - a +9 longbow of freezing
 y - a +5 rapier of venom
Missiles
 e - 5 javelins of penetration
 f - 727 arrows
 u - 3 tomahawks of returning
 S - 2 throwing nets (quivered)
Armour
 i - +3 swamp dragon scales (worn)
 v - a +1 cloak (worn)
 Q - a +0 pair of gloves (worn)
 T - a scarf of cloud immunity
 V - a +2 helmet of intelligence (worn)
Magical Staves
 x - an uncursed staff of energy
 z - an uncursed staff of wizardry
 P - an uncursed staff of power (weapon)
Jewellery
 g - an amulet of magic regeneration (around neck)
 p - the ring "Noosyam" (left hand) {rElec rC+ MR+ Dex+2 Stlth-}
   (You found it in a Gauntlet)

   [ring of protection from cold]

   It affects your dexterity (+2).
   It protects you from cold.
   It insulates you from electricity.
   It affects your resistance to hostile enchantments.
   It makes you less stealthy.
 t - an uncursed ring of see invisible
 C - a ring of magical power (right hand)
 K - an uncursed ring of fire
Wands
 m - a wand of polymorph (31)
 o - a wand of disintegration (9)
 H - a wand of enslavement (23)
 J - a wand of clouds (8)
 L - a wand of paralysis (15)
 U - a wand of iceblast (26)
Scrolls
 d - 3 scrolls of fog
 l - a scroll of summoning
 n - a scroll of blinking
 q - 14 scrolls of fear
 w - 8 scrolls of immolation
 A - 9 scrolls of teleportation
 F - 20 scrolls of remove curse
 I - 3 scrolls of magic mapping
 O - 2 scrolls of silence
 W - 11 scrolls of identify
Potions
 h - 10 potions of curing
 r - 4 potions of magic
 B - 3 potions of haste
 E - 3 potions of ambrosia
 G - a potion of resistance
 M - a potion of heal wounds
 N - a potion of invisibility
 R - 4 potions of berserk rage
 Y - 5 potions of might
 Z - a potion of agility
Books
 X - a manual of Stealth
Miscellaneous
 k - a box of beasts
 D - a lightning rod (4/4)
Comestibles
 c - 49 rations
 s - 10 chunks of flesh


   Skills:
 + Level 13.3 Fighting
 + Level 13.3 Short Blades
 + Level 13.3 Long Blades
 + Level 13.3 Axes
 + Level 13.3 Maces & Flails
 + Level 13.3 Polearms
 + Level 13.3 Staves
 + Level 13.3 Slings
 + Level 13.3 Bows
 + Level 13.3 Crossbows
 + Level 13.3 Throwing
 + Level 13.3 Armour
 + Level 14.0 Dodging
 + Level 17.8 Stealth
 + Level 13.3 Shields
 + Level 13.3 Unarmed Combat
 + Level 14.1 Spellcasting
 + Level 13.1 Conjurations
 + Level 11.4 Hexes
 + Level 11.4 Charms
 + Level 11.4 Summonings
 + Level 11.4 Necromancy
 + Level 11.4 Translocations
 + Level 11.4 Transmutations
 + Level 11.4 Fire Magic
 + Level 11.4 Ice Magic
 + Level 11.4 Air Magic
 + Level 11.4 Earth Magic
 + Level 11.4 Poison Magic
 + Level 14.3 Invocations
 + Level 13.3 Evocations


You had 2 spell levels left.
You knew the following spells:

 Your Spells              Type           Power        Failure   Level  Hunger
a - Magic Dart            Conj           ####         1%          1    None
c - Conjure Flame         Conj/Fire      ######..     1%          3    None
e - Borgnjor's Vile Clut  Necr/Erth      ######....   1%          5    #......
f - Iskenderun's Mystic   Conj           ######..     1%          4    None
g - Mephitic Cloud        Conj/Pois/Air  ######..     1%          3    None
h - Bolt of Magma         Conj/Fire/Erth ######....   1%          5    #......
i - Iskenderun's Battles  Conj/Chrm      ######..     1%          5    #......
k - Regeneration          Chrm/Necr      ######....   1%          3    None
v - Lee's Rapid Deconstr  Erth           ######....   1%          5    #......
x - Blink                 Tloc           N/A          1%          2    None
z - Apportation           Tloc           ######       1%          1    None
H - Force Lance           Conj/Tloc      ######..     1%          4    None
J - Fulminant Prism       Conj/Hex       ######....   1%          4    None

Your spell library contained the following spells:

 Spells                   Type           Power        Failure   Level  Hunger
 Animate Skeleton         Necr           N/A          1%          1    None
 Confusing Touch          Hex            ######       1%          1    None
 Pain                     Necr           ####         1%          1    None
 Sandblast                Erth           ######       1%          1    None
 Sting                    Conj/Pois      ####         1%          1    None
 Summon Small Mammal      Summ           ####         1%          1    None
 Call Imp                 Summ           ######..     1%          2    None
 Corpse Rot               Necr           N/A          1%          2    None
 Passwall                 Tmut/Erth      ######..     1%          2    None
 Poisonous Vapours        Pois/Air       ######       1%          2    None
 Searing Ray              Conj           ######       1%          2    None
 Slow                     Hex            ######..     1%          2    None
 Song of Slaying          Chrm           ######..     1%          2    None
 Sublimation of Blood     Necr           ######....   1%          2    None
 Dazzling Spray           Conj/Hex       ######       1%          3    None
 Recall                   Summ/Tloc      N/A          1%          3    None
 Static Discharge         Conj/Air       ######..     1%          3    None
 Stone Arrow              Conj/Erth      ######       1%          3    None
 Summon Guardian Golem    Hex/Summ       ######..     1%          3    None
 Vampiric Draining        Necr           ######....   1%          3    None
 Animate Dead             Necr           N/A          1%          4    None
 Olgreb's Toxic Radiance  Pois           ######..     1%          4    None
 Petrify                  Tmut/Erth      ######..     1%          4    None
 Agony                    Necr           ######..     1%          5    #......
 Aura of Abjuration       Summ           ######....   1%          5    #......
 Bolt of Draining         Conj/Necr      ######....   1%          5    #......
 Dispel Undead            Necr           ######..     1%          5    #......
 Excruciating Wounds      Chrm/Necr      ######....   1%          5    #......
 Lightning Bolt           Conj/Air       ######....   1%          5    #......
 Silence                  Hex/Air        ######....   1%          5    #......
 Summon Forest            Summ/Tloc      ######....   1%          5    #......
 Venom Bolt               Conj/Pois      ######....   1%          5    #......
 Iron Shot                Conj/Erth      ######....   4%          6    ####...
 Statue Form              Tmut/Erth      ######...    7%          6    ####...
 Orb of Destruction       Conj           ######....   21%         7    ######.
 Spellforged Servitor     Conj/Summ      ######....   28%         7    ######.
 Borgnjor's Revivificati  Necr           ######....   97%         8    #######
 Death's Door             Chrm/Necr      ######....   97%         8    #######
 Summon Horrible Things   Summ           ######....   97%         8    #######
 Dragon's Call            Summ           ######....   100%        9    #######
 Shatter                  Erth           ######....   100%        9    #######


Dungeon Overview and Level Annotations

Branches:
Dungeon (15/15)            Temple (1/1) D:6            Lair (6/6) D:8
  Swamp (4/4) Lair:3        Snake (4/4) Lair:2        Slime (0/5) Lair:6
    Orc (2/2) D:12            Elf (0/3) Orc:2        Vaults (4/5) D:14
 Depths (1/5) D:15
  Crypt: Vaults:2-3

Altars:
Ashenzari
Cheibriados
Dithmenos
Elyvilon
Fedhas
Gozag
Hepliaklqana
Kikubaaqudgha
Makhleb
Nemelex Xobeh
Okawaru
Qazlal
Ru
Sif Muna
Trog
Uskayaw
Vehumet
Wu Jian
Xom
Yredelemnul
Zin
The Shining One

Shops:
D:6 %   D:12 %   D:15 *!*(   Orc:2 ?(?*:   Snake:1 (}%(   Snake:3 [*

Portals:
Trove: D:10 (give +3 gold dragon scales)

Annotations:
D:4 1 runed translucent door, NeAGen181's ghost, novice HOFi
D:5 3 runed translucent doors, Tommers's ghost, novice TeFE
Swamp:3 Mara
Snake:4 1 runed translucent door, Zifeur's ghost, adept OgBe


Innate Abilities, Weirdness & Mutations

Your experience applies equally to all skills.
You have very sharp teeth.
Your uncanny sense of smell can sniff out nearby items.


Message History

The yaktaur appears confused.
The vault warden is engulfed in noxious fumes.
The vault warden appears confused.
The yaktaur unwields a +0 arbalest.
The yaktaur hits you.
* * * LOW HITPOINT WARNING * * *
Unknown command.
As you read the scroll of teleportation, it crumbles to dust.
You feel strangely unstable.
Your skin is crawling a little less now.
The fire giant hits the yaktaur with a +2 great sword of flaming!!
The fire giant burns the yaktaur!
The yaktaur is killed!
Sif Muna accepts your kill.
The yaktaur is engulfed in noxious fumes. x2
The yaktaur misses you.
The fire giant seems less confused.
The yaktaur barely misses the yaktaur.
The fire giant is engulfed in noxious fumes.
The yaktaur completely misses the yaktaur.
The vault warden hits you with a +2 battleaxe of venom!!
You die...

#.....#...# ......#
#.....#..## ......#
#.....#...## .....
#)....'....## #####... .∆
......#.....# #...#'######
)).)..#.....###...........
#######...)))##...........
..######'##(.........)
........C(((@..)......
.......☼cc.p..........
.........c............
.......○°.............
###################'## ..
∆


You could see a fire giant, a vault warden (confused) and 3 yaktaurs.

Vanquished Creatures
  the Lernaean hydra (Swamp:4)
  Vashnia (Snake:2)
  Saint Roka (Vaults:1)
  Xtahua (Vaults:2)
  Jorgrun (D:14)
  Frances (Snake:2)
  A sphinx (Vaults:1)
  3 thorn hunters
  Roxanne (Swamp:1)
  Agnes (D:15)
  7 nagarajas (Snake:4)
  Donald (Vaults:2)
  2 fire giants
  A frost giant (Vaults:1)
  A deep elf sorcerer (Vaults:2)
  2 vault wardens
  Louise (Snake:3)
  An orc warlord (Vaults:4)
  A very ugly thing (Vaults:1)
  6 ironheart preservers
  2 stone giants
  Azrael (D:12)
  Nessos (D:12)
  A dire elephant (Lair:2)
  A minotaur (Gauntlet)
  2 deep elf demonologists
  A fire dragon (Vaults:1)
  A deep elf death mage (Vaults:1)
  A great orb of eyes (shapeshifter) (Vaults:1)
  An ettin (Vaults:1)
  2 yaktaur captains
  6 ogre magi
  Josephine (D:15)
  2 great orbs of eyes (Vaults:1)
  Erolcha (D:13)
  8 vault guards
  Fannar (D:12)
  2 catoblepae
  12 hydras
  2 ice dragons
  A rakshasa (Vaults:1)
  14 naga warriors
  3 shambling mangroves
  3 ghost crabs
  A death knight (Vaults:4)
  6 centaur warriors
  11 anacondas
  A deep troll shaman (Vaults:2)
  2 tengu warriors (D:13)
  15 two-headed ogres
  A deep troll earth mage (Vaults:2)
  13 alligators
  Sonja (D:13)
  14 naga sharpshooters
  8 shock serpents
  Urug (Lair:4)
  3 orc high priests
  A deep elf knight (D:14)
  A shadow wraith (Vaults:4)
  6 salamander mystics
  9 sea snakes
  15 swamp dragons
  A flayed ghost (Vaults:4)
  3 deep trolls (Vaults:2)
  2 unseen horrors (Vaults:1)
  3 spriggan druids
  3 wizards
  6 naga ritualists
  Pikel (D:9)
  3 deep elf archers
  A phantasmal warrior (Vaults:4)
  An orange crystal statue (D:13)
  2 deep elf magi
  4 ironbrand convokers
  A wolf spider zombie (D:14)
  10 orc sorcerers
  3 manticores
  14 ugly things
  13 mana vipers
  4 wolf spiders
  3 cyclopes
  16 orc knights
  A manticore (shapeshifter) (Vaults:1)
  18 slime creatures
  16 salamanders
  An apocalypse crab (Gauntlet)
  Joseph (D:10)
  26 elephants
  15 guardian serpents
  Maurice (D:8)
  13 naga magi
  10 vault sentinels
  A gargoyle (D:10)
  33 black mambas
  22 spiny frogs
  4 centaur skeletons
  A rime drake (Lair:6)
  6 kobold demonologists
  5 komodo dragons
  A komodo dragon (shapeshifter) (Vaults:1)
  21 yaktaurs
  A rime drake (shapeshifter) (D:14)
  5 freezing wraiths
  A troll (Orc:1)
  2 polar bears
  A jumping spider (shapeshifter) (D:15)
  4 tyrant leeches
  14 hornets
  6 bog bodies
  7 dream sheep (Lair:5)
  8 blink frogs
  A meliai zombie (D:15)
  11 hippogriffs
  5 shadows
  7 spriggans
  A hippogriff (shapeshifter) (Vaults:1)
  7 wraiths
  A tarantella (shapeshifter) (D:15)
  A vampire (D:15)
  2 redbacks (Lair:6)
  5 fire elementals (D:12)
  A human (D:14)
  10 wyverns
  3 basilisks (Lair:6)
  38 yaks
  3 hungry ghosts
  10 vampire mosquitoes
  Menkaure (D:7)
  55 nagas
  6 wargs
  16 insubstantial wisps
  17 swamp worms
  An acid dragon (D:14)
  4 hell hounds
  19 water moccasins
  6 ice beasts
  A floating eye (shapeshifter) (Vaults:2)
  13 swamp drakes
  7 porcupines
  2 slaves (D:9)
  40 orc warriors
  A phantom (D:6)
  3 black bears
  4 sky beasts
  34 ogres
  A necrophage (D:6)
  6 wolves (Lair:6)
  A centaur (shapeshifter) (Vaults:2)
  10 centaurs
  13 crocodiles
  13 big kobolds
  17 bullfrogs
  A gnoll sergeant (D:8)
  A glowing shapeshifter simulacrum (Vaults:2)
  2 wyvern skeletons
  A water moccasin skeleton (D:6)
  6 scorpions
  14 killer bees
  15 wights
  11 electric eels
  A howler monkey (D:10)
  3 centaur zombies
  6 crimson imps
  4 hounds
  A quasit (D:12)
  An iron imp (D:5)
  19 orc priests
  A jelly (D:14)
  A bullfrog skeleton (D:7)
  35 orc wizards
  Jessica (D:3)
  6 iguanas
  5 hell rats (Lair:5)
  11 worker ants
  A killer bee zombie (D:6)
  2 big kobold zombies (Ossuary)
  3 hound zombies
  A hound skeleton (D:11)
  A howler monkey zombie (D:6)
  4 mummies (Ossuary)
  Robin (D:3)
  8 gnolls
  A worker ant zombie (D:8)
  15 adders
  3 shadow imps
  2 oozes
  2 adder zombies (Ossuary)
  7 worms
  A dart slug (D:4)
  6 leopard geckos
  101 orcs
  4 ball pythons
  4 giant cockroaches
  15 goblins
  11 hobgoblins
  14 jackals
  6 quokkas
  4 bats
  5 frilled lizards
  A hobgoblin zombie (Ossuary)
  23 kobolds
  2 kobold zombies (Ossuary)
  A leopard gecko zombie (D:5)
  2 orc zombies (Ossuary)
  2 quokka zombies (D:5)
  9 rats
  A rat zombie (Ossuary)
  A fulminant prism (D:12)
  2 fungi
  2 plants
1364 creatures vanquished.

Vanquished Creatures (collateral kills)
  A spriggan druid (Swamp:4)
1 creature vanquished.

Vanquished Creatures (others)
  A swamp dragon (Swamp:4)
  2 slaves (D:9)
  A human (D:2)
  An orc (Orc:1)
  242 fulminant prisms
  101 fungi
  49 plants
  5 toadstools (D:15)
402 creatures vanquished.

Grand Total: 1767 creatures vanquished

Notes
Turn   | Place    | Note
-------+----------+-------------------------------------------
     0 | D:1      | MordorOrchid the Gnoll Conjurer began the quest for the
                  | Orb.
     0 | D:1      | Reached XP level 1. HP: 13/13 MP: 6/6
   135 | D:1      | Reached XP level 2. HP: 15/19 MP: 1/7
   546 | D:1      | Learned a level 2 spell: Searing Ray
   551 | D:1      | Reached XP level 3. HP: 25/25 MP: 0/9
   644 | D:1      | Reached skill level 5 in Spellcasting
   806 | D:2      | Noticed a moth of wrath
   978 | D:2      | Reached skill level 1 in Invocations
   981 | D:2      | Found a bloodstained altar of Trog.
  1192 | D:2      | Found an ancient bone altar of Kikubaaqudgha.
  1194 | D:2      | Noticed a human
  1196 | D:2      | Killed a human
  1543 | D:2      | Reached skill level 1 in Fighting
  1543 | D:2      | Reached skill level 1 in Short Blades
  1543 | D:2      | Reached skill level 1 in Long Blades
  1543 | D:2      | Reached skill level 1 in Axes
  1543 | D:2      | Reached skill level 1 in Maces & Flails
  1543 | D:2      | Reached skill level 1 in Polearms
  1543 | D:2      | Reached skill level 1 in Staves
  1543 | D:2      | Reached skill level 1 in Slings
  1543 | D:2      | Reached skill level 1 in Bows
  1543 | D:2      | Reached skill level 1 in Crossbows
  1543 | D:2      | Reached skill level 1 in Throwing
  1543 | D:2      | Reached skill level 1 in Armour
  1543 | D:2      | Reached skill level 1 in Shields
  1543 | D:2      | Reached skill level 1 in Unarmed Combat
  1543 | D:2      | Reached skill level 1 in Evocations
  1576 | D:2      | Learned a level 3 spell: Dazzling Spray
  1620 | D:3      | Reached XP level 4. HP: 32/32 MP: 7/11
  1686 | D:3      | Noticed Jessica
  1693 | D:3      | Killed Jessica
  1693 | D:3      | Reached skill level 1 in Hexes
  1693 | D:3      | Reached skill level 1 in Charms
  1693 | D:3      | Reached skill level 1 in Summonings
  1693 | D:3      | Reached skill level 1 in Necromancy
  1693 | D:3      | Reached skill level 1 in Translocations
  1693 | D:3      | Reached skill level 1 in Transmutations
  1693 | D:3      | Reached skill level 1 in Fire Magic
  1693 | D:3      | Reached skill level 1 in Ice Magic
  1693 | D:3      | Reached skill level 1 in Air Magic
  1693 | D:3      | Reached skill level 1 in Earth Magic
  1693 | D:3      | Reached skill level 1 in Poison Magic
  1693 | D:3      | Reached XP level 5. HP: 37/37 MP: 6/12
  1815 | D:3      | Noticed Robin
  1820 | D:3      | Killed Robin
  1938 | D:3      | Found a hazy altar of Hepliaklqana.
  2144 | D:3      | Learned a level 4 spell: Iskenderun's Mystic Blast
  2149 | D:3      | Learned a level 4 spell: Fulminant Prism
  2464 | D:4      | Found a shadowy altar of Dithmenos.
  2470 | D:4      | Noticed an ogre
  2486 | D:4      | Killed an ogre
  2486 | D:4      | Reached XP level 6. HP: 35/44 MP: 3/14
  2544 | D:4      | Noticed an ice beast
  2551 | D:4      | Killed an ice beast
  2551 | D:4      | Reached skill level 5 in Dodging
  2612 | D:4      | Found a runed translucent door.
  2616 | D:4      | Noticed NeAGen181's ghost (novice HOFi)
  2692 | D:4      | Reached XP level 7. HP: 33/50 MP: 1/15
  3201 | D:5      | Entered Level 5 of the Dungeon
  3249 | D:5      | Found a runed translucent gate.
  3249 | D:5      | Noticed Tommers's ghost (novice TeFE)
  3250 | D:5      | Found a runed translucent gate.
  3250 | D:5      | Found a runed translucent gate.
  3432 | D:5      | Found a basalt altar of Yredelemnul.
  3534 | D:5      | Reached skill level 5 in Stealth
  3656 | D:5      | Found a glowing drain.
  3678 | Sewer    | Entered a sewer
  3790 | Sewer    | Reached XP level 8. HP: 57/57 MP: 10/16
  4483 | D:5      | Found a radiant altar of Vehumet.
  4501 | D:5      | Learned a level 4 spell: Force Lance
  4626 | D:5      | Found a snail-covered altar of Cheibriados.
  5225 | D:6      | Reached XP level 9. HP: 65/65 MP: 2/18
  5336 | D:6      | Found a hazy altar of Hepliaklqana.
  5457 | D:6      | Found a sparkling altar of Nemelex Xobeh.
  5601 | D:6      | Found a sacrificial altar of Ru.
  5658 | D:6      | Found a staircase to the Ecumenical Temple.
  5667 | Temple   | Entered the Ecumenical Temple
  5707 | Temple   | Became a worshipper of Sif Muna the Loreminder
  6118 | D:6      | Found Ygimal's Food Shoppe.
  6194 | D:6      | Reached skill level 6 in Stealth
  6279 | D:7      | Found a blossoming altar of Fedhas.
  6312 | D:7      | Found a burning altar of Makhleb.
  6317 | D:7      | Found a white marble altar of Elyvilon.
  6792 | D:7      | Noticed Menkaure
  6855 | D:7      | Killed Menkaure
  6925 | D:7      | Reached skill level 5 in Invocations
  6963 | D:7      | Reached * piety under Sif Muna
  7111 | D:8      | Found an ornate altar of the Wu Jian Council.
  7124 | D:8      | Reached XP level 10. HP: 73/73 MP: 11/20
  7228 | D:8      | Reached skill level 5 in Fighting
  7228 | D:8      | Reached skill level 5 in Short Blades
  7228 | D:8      | Reached skill level 5 in Long Blades
  7228 | D:8      | Reached skill level 5 in Axes
  7228 | D:8      | Reached skill level 5 in Maces & Flails
  7228 | D:8      | Reached skill level 5 in Polearms
  7228 | D:8      | Reached skill level 5 in Staves
  7228 | D:8      | Reached skill level 5 in Slings
  7228 | D:8      | Reached skill level 5 in Bows
  7228 | D:8      | Reached skill level 5 in Crossbows
  7228 | D:8      | Reached skill level 5 in Throwing
  7228 | D:8      | Reached skill level 5 in Armour
  7228 | D:8      | Reached skill level 5 in Shields
  7228 | D:8      | Reached skill level 5 in Unarmed Combat
  7228 | D:8      | Reached skill level 5 in Evocations
  7240 | D:8      | Found a sand-covered staircase.
  7270 | Ossuary  | Entered an ossuary
  7517 | D:8      | Noticed Maurice
  7518 | D:8      | Paralysed by Maurice for 2 turns
  7527 | D:8      | Paralysed by something for 7 turns
  7536 | D:8      | Killed Maurice
  7555 | D:8      | Reached skill level 7 in Stealth
  7741 | D:8      | Found a sacrificial altar of Ru.
  7848 | D:8      | Reached ** piety under Sif Muna
  8163 | D:8      | Noticed a two-headed ogre
  8378 | D:8      | Found a staircase to the Lair.
  8494 | D:8      | Killed a two-headed ogre
  8553 | D:9      | Noticed Pikel
  8559 | D:9      | Killed Pikel
  8559 | D:9      | Reached XP level 11. HP: 81/81 MP: 12/22
  8871 | D:9      | Reached skill level 8 in Stealth
  9369 | D:10     | Entered Level 10 of the Dungeon
  9530 | D:10     | Noticed Joseph
  9536 | D:10     | Killed Joseph
  9536 | D:10     | Reached skill level 5 in Hexes
  9536 | D:10     | Reached skill level 5 in Charms
  9536 | D:10     | Reached skill level 5 in Summonings
  9536 | D:10     | Reached skill level 5 in Necromancy
  9536 | D:10     | Reached skill level 5 in Translocations
  9536 | D:10     | Reached skill level 5 in Transmutations
  9536 | D:10     | Reached skill level 5 in Fire Magic
  9536 | D:10     | Reached skill level 5 in Ice Magic
  9536 | D:10     | Reached skill level 5 in Air Magic
  9536 | D:10     | Reached skill level 5 in Earth Magic
  9536 | D:10     | Reached skill level 5 in Poison Magic
  9703 | D:10     | Reached *** piety under Sif Muna
 10465 | D:10     | Found a portal to a secret trove of treasure.
 10607 | D:11     | Noticed a two-headed ogre
 10616 | D:11     | Killed a two-headed ogre
 10617 | D:11     | Found a gate leading to a gauntlet.
 10668 | Gauntlet | Entered a Gauntlet
 10668 | Gauntlet | Found a transporter.
 10668 | Gauntlet | Found a transporter.
 10672 | Gauntlet | Found a transporter.
 10683 | Gauntlet | Found a transporter.
 10691 | Gauntlet | Noticed a catoblepas
 10696 | Gauntlet | Found a transporter.
 10700 | Gauntlet | Found a transporter.
 10700 | Gauntlet | Found a transporter.
 10700 | Gauntlet | Noticed an orange crystal statue
 10706 | Gauntlet | Found a transporter.
 10735 | Gauntlet | Found a transporter.
 10736 | Gauntlet | Noticed a catoblepas
 10742 | Gauntlet | Found a transporter.
 10751 | Gauntlet | Found a transporter.
 10795 | Gauntlet | Found a transporter.
 10808 | Gauntlet | Noticed a worldbinder
 10809 | Gauntlet | Found a transporter.
 10899 | Gauntlet | Found a transporter.
 10901 | Gauntlet | Noticed a soul eater
 10909 | Gauntlet | Found a transporter.
 10925 | Gauntlet | Found a transporter.
 11092 | Gauntlet | Got a fine lapis lazuli ring
 11101 | Gauntlet | Reached skill level 9 in Stealth
 11476 | Gauntlet | Noticed a minotaur
 11497 | Gauntlet | Killed a minotaur
 11497 | Gauntlet | Reached **** piety under Sif Muna
 11555 | Gauntlet | Identified Niteyl's Incunabulum of the Gliding Escort
 11563 | Gauntlet | Identified the ring "Noosyam" {rElec rC+ MR+ Dex+2 Stlth-}
                  | (You found it in a Gauntlet)
 11678 | Lair:1   | Entered Level 1 of the Lair of Beasts
 11819 | D:11     | Reached XP level 12. HP: 89/89 MP: 7/24
 12655 | D:12     | Learned a level 2 spell: Blink
 12659 | D:12     | Learned a level 3 spell: Conjure Flame
 12663 | D:12     | Learned a level 3 spell: Mephitic Cloud
 12664 | D:12     | Noticed Nessos
 12668 | D:12     | Killed Nessos
 12887 | D:12     | Noticed Fannar
 12936 | D:12     | Killed Fannar
 13121 | D:12     | Reached skill level 10 in Stealth
 13325 | D:12     | Found a staircase to the Orcish Mines.
 13391 | D:12     | Noticed Azrael
 13404 | D:12     | Killed Azrael
 13827 | D:12     | Found Qifiqo's Food Shoppe.
 13962 | D:13     | Reached XP level 13. HP: 74/98 MP: 5/26
 14441 | D:13     | Reached ***** piety under Sif Muna
 14441 | D:13     | Identified Sif Muna's Guide on Good Luck and Companions
                  | (Sif Muna gifted it to you on level 13 of the Dungeon)
 14441 | D:13     | Received a gift from Sif Muna
 14723 | D:13     | Noticed Sonja
 14723 | D:13     | Noticed Erolcha
 14740 | D:13     | Killed Sonja
 15115 | D:13     | Killed Erolcha
 15216 | D:14     | Reached skill level 11 in Stealth
 15271 | D:12     | Learned a level 5 spell: Iskenderun's Battlesphere
 15272 | Orc:1    | Entered Level 1 of the Orcish Mines
 15462 | Orc:2    | Entered Level 2 of the Orcish Mines
 15901 | Orc:1    | Reached skill level 10 in Conjurations
 16278 | Orc:2    | Found a staircase to the Elven Halls.
 16280 | Orc:2    | Found Zoton's Book Shop.
 16476 | Orc:2    | Reached skill level 10 in Spellcasting
 16481 | Orc:2    | Reached XP level 14. HP: 104/106 MP: 19/28
 17150 | Orc:2    | Found a burning altar of Makhleb.
 17197 | Orc:2    | Found Sisotogy's Assorted Antiques.
 17201 | Orc:2    | Found Deneam's Magic Scroll Shop.
 17205 | Orc:2    | Bought a wand of paralysis (6) for 62 gold pieces
 17207 | Orc:2    | Found Fiuttig's Weapon Shop.
 17209 | Orc:2    | Found Bifuinur's Magic Scroll Emporium.
 17403 | Orc:2    | Bought a book of Power for 675 gold pieces
 17434 | Orc:2    | Bought a shiny helmet for 232 gold pieces
 17453 | Orc:2    | Bought a scroll of identify for 24 gold pieces
 17518 | Orc:2    | Bought a scroll of teleportation for 51 gold pieces
 17518 | Orc:2    | Bought a scroll of teleportation for 51 gold pieces
 17518 | Orc:2    | Bought a scroll of teleportation for 51 gold pieces
 17518 | Orc:2    | Bought a scroll of teleportation for 51 gold pieces
 17518 | Orc:2    | Bought a scroll of fear for 59 gold pieces
 17518 | Orc:2    | Bought a scroll of enchant armour for 127 gold pieces
 17518 | Orc:2    | Bought a scroll of enchant armour for 127 gold pieces
 17528 | Orc:2    | Bought a scroll of fear for 42 gold pieces
 17528 | Orc:2    | Bought a scroll of fear for 42 gold pieces
 17528 | Orc:2    | Bought a scroll of enchant weapon for 90 gold pieces
 17528 | Orc:2    | Bought a scroll of identify for 24 gold pieces
 17528 | Orc:2    | Bought a scroll of identify for 24 gold pieces
 17528 | Orc:2    | Bought a scroll of identify for 24 gold pieces
 17528 | Orc:2    | Bought a scroll of magic mapping for 42 gold pieces
 18375 | Lair:2   | Reached skill level 10 in Dodging
 18389 | Lair:2   | Reached skill level 12 in Stealth
 18837 | Lair:2   | Found a staircase to the Snake Pit.
 19303 | Lair:2   | Noticed a dire elephant
 19324 | Lair:2   | Killed a dire elephant
 19427 | Lair:2   | Reached skill level 10 in Invocations
 19884 | Lair:3   | Found a staircase to the Swamp.
 20615 | Lair:4   | Noticed Urug
 20643 | Lair:4   | Killed Urug
 21820 | Lair:5   | Received a gift from Sif Muna
 21839 | Lair:5   | Reached XP level 15. HP: 111/114 MP: 29/29
 22699 | Lair:6   | Entered Level 6 of the Lair of Beasts
 22933 | Lair:6   | Reached skill level 13 in Stealth
 23560 | Lair:6   | Found a staircase to the Slime Pits.
 23814 | Lair:6   | Reached skill level 10 in Fighting
 23814 | Lair:6   | Reached skill level 10 in Short Blades
 23814 | Lair:6   | Reached skill level 10 in Long Blades
 23814 | Lair:6   | Reached skill level 10 in Axes
 23814 | Lair:6   | Reached skill level 10 in Maces & Flails
 23814 | Lair:6   | Reached skill level 10 in Polearms
 23814 | Lair:6   | Reached skill level 10 in Staves
 23814 | Lair:6   | Reached skill level 10 in Slings
 23814 | Lair:6   | Reached skill level 10 in Bows
 23814 | Lair:6   | Reached skill level 10 in Crossbows
 23814 | Lair:6   | Reached skill level 10 in Throwing
 23814 | Lair:6   | Reached skill level 10 in Armour
 23814 | Lair:6   | Reached skill level 10 in Shields
 23814 | Lair:6   | Reached skill level 10 in Unarmed Combat
 23814 | Lair:6   | Reached skill level 10 in Evocations
 24074 | Swamp:1  | Entered Level 1 of the Swamp
 24256 | Lair:3   | Learned a level 5 spell: Bolt of Magma
 24400 | Swamp:1  | Identified Roxanne's Almanac of Clay
 24400 | Swamp:1  | Noticed Roxanne
 24564 | Swamp:1  | Noticed a thorn hunter
 24568 | Swamp:1  | Killed a thorn hunter
 25529 | Lair:3   | Learned a level 5 spell: Lee's Rapid Deconstruction
 25726 | Swamp:2  | Reached XP level 16. HP: 123/123 MP: 27/31
 26377 | Swamp:3  | Reached skill level 14 in Stealth
 26401 | Swamp:3  | Noticed Mara
 27053 | Swamp:1  | Killed Roxanne
 27221 | Swamp:3  | Noticed MordorOrchid's illusion
 27669 | Swamp:4  | Entered Level 4 of the Swamp
 27808 | Swamp:4  | Noticed a thorn hunter
 27812 | Swamp:4  | Killed a thorn hunter
 28260 | Swamp:4  | Noticed a thorn hunter
 28266 | Swamp:4  | Killed a thorn hunter
 28367 | Swamp:4  | Identified Sif Muna's Reference Book on Boosting Companions
                  | (Sif Muna gifted it to you on level 4 of the Swamp)
 28367 | Swamp:4  | Received a gift from Sif Muna
 28486 | Swamp:4  | Noticed the 27-headed Lernaean hydra
 28499 | Swamp:4  | Killed the 27-headed Lernaean hydra
 28558 | Swamp:4  | Reached XP level 17. HP: 121/131 MP: 33/33
 28650 | Swamp:4  | Got a decaying rune of Zot
 28818 | Lair:3   | Learned a level 3 spell: Regeneration
 29178 | D:14     | Noticed Jorgrun
 29189 | D:14     | Killed Jorgrun
 29310 | D:14     | Identified the ring of Hagutamp {EV+4 Dex+5}
 29452 | D:14     | Identified the +10 whip of Ruination {drain, rPois rF+}
                  | (You found it on level 14 of the Dungeon)
 29589 | D:14     | Learned a level 1 spell: Apportation
 29708 | D:14     | Reached skill level 15 in Stealth
 29951 | D:14     | Found a gate to the Vaults.
 30305 | D:15     | Entered Level 15 of the Dungeon
 30344 | D:15     | Found Magris's Distillery.
 30344 | D:15     | Found Ereax's Antique Weapon Shop.
 30344 | D:15     | Found Zaoc's Assorted Antiques.
 30345 | D:15     | Found Miublyetz's General Store.
 30351 | D:15     | Bought a scroll of enchant armour for 75 gold pieces
 30351 | D:15     | Bought a scroll of identify for 20 gold pieces
 30399 | D:15     | Noticed Agnes
 30407 | D:15     | Killed Agnes
 30983 | D:15     | Noticed Josephine
 30994 | D:15     | Killed Josephine
 31199 | D:15     | Found a staircase to the Depths.
 31321 | Depths:1 | Entered Level 1 of the Depths
 31632 | Snake:1  | Entered Level 1 of the Snake Pit
 31762 | Snake:1  | Found Kyufurer's Antique Weapon Shop.
 31990 | Snake:1  | Found Ynaryc Quoh's Food Emporium.
 31997 | Snake:1  | Found Neadair's Gadget Boutique.
 32006 | Snake:1  | Found Uffumi's Weapon Shop.
 32017 | Snake:1  | Bought a wand of paralysis (4) for 66 gold pieces
 32017 | Snake:1  | Bought a box of beasts for 220 gold pieces
 32283 | Snake:2  | Noticed Vashnia
 32418 | Snake:2  | Found a hide-covered altar of Uskayaw.
 32447 | Snake:2  | Reached skill level 10 in Hexes
 32447 | Snake:2  | Reached skill level 10 in Charms
 32447 | Snake:2  | Reached skill level 10 in Summonings
 32447 | Snake:2  | Reached skill level 10 in Necromancy
 32447 | Snake:2  | Reached skill level 10 in Translocations
 32447 | Snake:2  | Reached skill level 10 in Transmutations
 32447 | Snake:2  | Reached skill level 10 in Fire Magic
 32447 | Snake:2  | Reached skill level 10 in Ice Magic
 32447 | Snake:2  | Reached skill level 10 in Air Magic
 32447 | Snake:2  | Reached skill level 10 in Earth Magic
 32447 | Snake:2  | Reached skill level 10 in Poison Magic
 32479 | Snake:2  | Identified Sif Muna's Almanac of Cloudy Sinister Arts (Sif
                  | Muna gifted it to you on level 2 of the Snake Pit)
 32479 | Snake:2  | Received a gift from Sif Muna
 32654 | Snake:2  | Reached XP level 18. HP: 90/139 MP: 17/34
 32791 | Snake:2  | Noticed Frances
 32893 | Snake:2  | Killed Vashnia
 33275 | Snake:2  | Killed Frances
 33405 | Snake:3  | Noticed Louise
 33418 | Snake:3  | Killed Louise
 33448 | Snake:3  | Reached skill level 16 in Stealth
 33546 | Snake:3  | Found Nuebaf's Armour Emporium.
 33552 | Snake:3  | Found Orunekh's Assorted Antiques.
 33560 | Snake:3  | Bought a scroll of enchant weapon for 187 gold pieces
 33560 | Snake:3  | Bought a scroll of enchant weapon for 187 gold pieces
 33778 | Snake:3  | Identified the +5 battleaxe of World Downfall {chop, +Blink
                  | +Fly Str+3 SInv} (You found it on level 3 of the Snake Pit)
 34042 | Snake:4  | Entered Level 4 of the Snake Pit
 34303 | Snake:4  | Found a runed translucent door.
 34303 | Snake:4  | Found a shimmering altar of Xom.
 34303 | Snake:4  | Noticed Zifeur's ghost (adept OgBe)
 34931 | Snake:4  | Reached XP level 19. HP: 86/147 MP: 13/36
 35669 | Snake:4  | Received a gift from Sif Muna
 35674 | Snake:4  | Got a serpentine rune of Zot
 36034 | Vaults:1 | Entered Level 1 of the Vaults
 36788 | Vaults:1 | Noticed Saint Roka
 36830 | Vaults:1 | Killed Saint Roka
 36830 | Vaults:1 | Reached skill level 17 in Stealth
 37566 | Vaults:1 | Reached XP level 20. HP: 155/155 MP: 1/37
 38306 | Vaults:2 | Identified the +1 battleaxe "Tudell" {speed, rC+} (You
                  | found it on level 2 of the Vaults)
 38357 | Vaults:2 | Noticed Xtahua
 38798 | Vaults:2 | Paralysed by Xtahua for 3 turns
 38808 | Vaults:2 | Killed Xtahua
 39198 | Vaults:2 | Noticed Donald
 39203 | Vaults:2 | Killed Donald
 39524 | Vaults:2 | Learned a level 5 spell: Borgnjor's Vile Clutch
 39554 | Vaults:3 | Identified Sif Muna's Grimoire of Sinister Clay (Sif Muna
                  | gifted it to you on level 3 of the Vaults)
 39554 | Vaults:3 | Received a gift from Sif Muna
 39778 | Vaults:3 | Identified Tuitil's Tome of Earthen Unholy Secrets
 40182 | Vaults:4 | Demolished by a vault warden

Skill      XL: |  1  2  3  4  5  6  7  8  9 10 11 12 13 14 15 16 17 18 19 20 |
---------------+-------------------------------------------------------------+-----
Spellcasting   | 5 6 7 8 9 10 11 12 13 14 | 14.1
Invocations    | 1 2 3 4 5 6 7 8 9 10 11 12 13 14 | 14.3
Fighting       | 1 2 3 4 5 6 7 8 9 10 11 12 13 | 13.3
Short Blades   | 1 2 3 4 5 6 7 8 9 10 11 12 13 | 13.3
Long Blades    | 1 2 3 4 5 6 7 8 9 10 11 12 13 | 13.3
Axes           | 1 2 3 4 5 6 7 8 9 10 11 12 13 | 13.3
Maces & Flails | 1 2 3 4 5 6 7 8 9 10 11 12 13 | 13.3
Polearms       | 1 2 3 4 5 6 7 8 9 10 11 12 13 | 13.3
Staves         | 1 2 3 4 5 6 7 8 9 10 11 12 13 | 13.3
Slings         | 1 2 3 4 5 6 7 8 9 10 11 12 13 | 13.3
Bows           | 1 2 3 4 5 6 7 8 9 10 11 12 13 | 13.3
Crossbows      | 1 2 3 4 5 6 7 8 9 10 11 12 13 | 13.3
Throwing       | 1 2 3 4 5 6 7 8 9 10 11 12 13 | 13.3
Armour         | 1 2 3 4 5 6 7 8 9 10 11 12 13 | 13.3
Shields        | 1 2 3 4 5 6 7 8 9 10 11 12 13 | 13.3
Unarmed Combat | 1 2 3 4 5 6 7 8 9 10 11 12 13 | 13.3
Evocations     | 1 2 3 4 5 6 7 8 9 10 11 12 13 | 13.3
Hexes          | 1 2 3 4 5 6 7 8 9 10 11 | 11.4
Charms         | 1 2 3 4 5 6 7 8 9 10 11 | 11.4
Summonings     | 1 2 3 4 5 6 7 8 9 10 11 | 11.4
Necromancy     | 1 2 3 4 5 6 7 8 9 10 11 | 11.4
Translocations | 1 2 3 4 5 6 7 8 9 10 11 | 11.4
Transmutations | 1 2 3 4 5 6 7 8 9 10 11 | 11.4
Fire Magic     | 1 2 3 4 5 6 7 8 9 10 11 | 11.4
Ice Magic      | 1 2 3 4 5 6 7 8 9 10 11 | 11.4
Air Magic      | 1 2 3 4 5 6 7 8 9 10 11 | 11.4
Earth Magic    | 1 2 3 4 5 6 7 8 9 10 11 | 11.4
Poison Magic   | 1 2 3 4 5 6 7 8 9 10 11 | 11.4
Dodging        | 5 6 7 8 9 10 11 12 13 14 | 14.0
Stealth        | 5 6 7 9 10 11 12 13 14 15 16 17 | 17.8
Conjurations   | 8 9 10 11 12 13 | 13.1

Action                   |  1- 3 |  4- 6 |  7- 9 | 10-12 | 13-15 | 16-18 | 19-21 || total
-------------------------+-------+-------+-------+-------+-------+-------+-------++-------
Melee: Unarmed           |     1 |       |       |       |       |       |       ||     1
       Club              |     4 |       |       |       |       |       |       ||     4
       Bite              |     2 |       |       |     4 |    10 |     4 |     7 ||    27
       Short sword       |     6 |     4 |     7 |       |       |       |       ||    17
       Mace              |       |       |       |     6 |       |       |       ||     6
       Rapier            |       |       |       |    15 |    92 |    18 |    38 ||   163
       Staff             |       |       |       |     3 |     5 |       |       ||     8
       Punch             |       |       |       |     1 |     9 |       |     3 ||    13
       Whip              |       |       |       |       |       |    13 |     3 ||    16
 Fire: Blowgun           |       |       |    11 |       |       |       |       ||    11
       Shortbow          |       |       |     1 |    60 |       |       |       ||    61
       Longbow           |       |       |       |    11 |    24 |   550 |   135 ||   720
Throw: Javelin           |       |       |       |       |     7 |     1 |       ||     8
       Throwing net      |       |       |       |       |       |       |     1 ||     1
 Cast: Magic Dart        |    58 |    58 |    83 |    43 |   218 |    68 |    44 ||   572
       Searing Ray       |     6 |    17 |    18 |    46 |     4 |       |       ||    91
       Iskenderun's Myst |       |     9 |    94 |   105 |   334 |   167 |   134 ||   843
       Fulminant Prism   |       |       |     6 |   105 |    60 |    35 |    37 ||   243
       Blink             |       |       |       |     5 |     5 |    11 |     3 ||    24
       Conjure Flame     |       |       |       |     4 |    10 |     4 |     3 ||    21
       Mephitic Cloud    |       |       |       |     3 |    80 |    39 |    36 ||   158
       Dazzling Spray    |       |       |       |     2 |     1 |       |       ||     3
       Iskenderun's Batt |       |       |       |       |   143 |   130 |    86 ||   359
       Force Lance       |       |       |       |       |    20 |    31 |     2 ||    53
       Bolt of Magma     |       |       |       |       |    22 |   207 |   135 ||   364
       Lee's Rapid Decon |       |       |       |       |       |    14 |    44 ||    58
       Apportation       |       |       |       |       |       |    26 |     4 ||    30
       Regeneration      |       |       |       |       |       |    19 |    22 ||    41
       Borgnjor's Vile C |       |       |       |       |       |       |     2 ||     2
Invok: Divine Energy     |       |       |       |     1 |       |       |       ||     1
       Channel Magic     |       |       |       |     2 |    19 |    13 |     4 ||    38
Evoke: Wand              |       |       |       |    24 |     8 |     9 |    11 ||    52
       Lightning rod     |       |       |       |     6 |     4 |       |       ||    10
       Staff of energy   |       |       |       |       |    26 |   298 |   237 ||   561
       Phantom mirror    |       |       |       |       |       |     1 |       ||     1
       Box of beasts     |       |       |       |       |       |     1 |       ||     1
  Use: Scroll            |     5 |     4 |    10 |    14 |    16 |    20 |     6 ||    75
       Potion            |       |       |     2 |     3 |     5 |     5 |     2 ||    17
 Stab: Sleeping          |     1 |     1 |     2 |       |     3 |     3 |       ||    10
       Paralysed         |       |       |       |     2 |     1 |       |     1 ||     4
       Confused          |       |       |       |     1 |    22 |     8 |     2 ||    33
       Invisible         |       |       |       |     1 |       |     1 |       ||     2
       Held in net/web   |       |       |       |       |       |       |     2 ||     2
  Eat: Chunk             |     2 |     4 |    23 |    33 |    61 |    44 |    33 ||   200
       Ration            |       |       |     1 |     2 |     3 |     7 |     2 ||    15
Armor: Ring mail         |     2 |     3 |     9 |    22 |       |       |       ||    36
       Scale mail        |       |       |       |    21 |    53 |       |       ||    74
       Swamp dragon scal |       |       |       |       |     2 |   115 |    36 ||   153
Dodge: Dodged            |    13 |    11 |    46 |   178 |   124 |   256 |   113 ||   741
